 Dungeon Crawl Stone Soup version 0.28-a0-535-g6f645e4c1d (webtiles) character file.

Game seed: 461921540291221241

1848 tatocazan the Wallflower (level 8, 0/64 HPs)
             Began as a Demonspawn Fighter on Sept 26, 2021.
             Was a Follower of Uskayaw.
             Succumbed to a kobold brigand's poison
             ... on level 7 of the Dungeon.
             The game lasted 00:06:11 (7551 turns).

tatocazan the Wallflower (Demonspawn Fighter)       Turns: 7551, Time: 00:06:13

Health: 0/64       AC: 11    Str: 19    XL:     8   Next: 88%
Magic:  12/12      EV:  8    Int: 10    God:    Uskayaw [*.....]
Gold:   251        SH:  6    Dex: 18    Spells: 7/7 levels left

rFire   . . .      SeeInvis .   a - +0 war axe
rCold   . . .      Faith    .   c - +0 buckler
rNeg    . . .      Spirit   .   e - +0 chain mail
rPois   .          Reflect  .   (no helmet)
rElec   .          Harm     .   (no cloak)
rCorr   .          Rampage  .   m - +0 pair of gloves
Will    .....                   (no boots)
Stlth   ..........              (no amulet)
HPRegen 0.20/turn               o - +6 ring of dexterity
MPRegen 0.13/turn               (no ring)

@: mighty, lethally poisoned (0 -> -3), on berserk cooldown, slowed, very slow
A: foul stench 1, powered by pain 1, sturdy frame 1
a: Renounce Religion, Stomp


You were on level 7 of the Dungeon.
You worshipped Uskayaw.
Uskayaw was noncommittal.
You visited 2 branches of the dungeon, and saw 8 of its levels.

You collected 251 gold pieces.

Inventory:

Hand Weapons
 a - a +0 war axe (weapon)
Armour
 b - a +0 scale mail
 c - a +0 buckler (worn)
 e - a +0 chain mail (worn)
 m - a +0 pair of gloves (worn)
Jewellery
 g - a +6 ring of intelligence
 o - a +6 ring of dexterity (left hand)
 y - a ring of ice
Wands
 p - a wand of digging (3)
 v - a wand of charming (11)
Scrolls
 h - 9 scrolls of identify {unknown}
 i - a scroll of magic mapping {unknown}
 l - a scroll of vulnerability {unknown}
 n - 2 scrolls of teleportation
 r - 3 scrolls of fog {unknown}
 t - a scroll of torment {unknown}
 u - 2 scrolls of enchant weapon {unknown}
 z - a scroll of blinking {unknown}
Potions
 f - a potion of haste
 s - a potion of invisibility
 x - a potion of heal wounds {unknown}


   Skills:
 + Level 5.7 Fighting
 * Level 5.6 Axes
 + Level 5.2 Armour
 + Level 5.2 Shields
 * Level 6.3 Invocations


You had 7 spell levels left.
You didn't know any spells.
Your spell library contained the following spells:

 Spells                   Type           Power      Damage    Failure   Level
 Ensorcelled Hibernation  Hex/Ice        0%         N/A       97%         2
 Dazzling Flash           Conj/Hex       0%         N/A       100%        3
 Spider Form              Tmut/Pois      0%         N/A       100%        3
 Agony                    Necr           0%         N/A       100%        5
 Silence                  Hex/Air        0%         N/A       100%        5


Dungeon Overview and Level Annotations

Branches:
Dungeon (7/15)             Temple (1/1) D:4

Altars:
Dithmenos
Elyvilon
Fedhas
Gozag
Hepliaklqana
Kikubaaqudgha
Makhleb
Nemelex Xobeh
Okawaru
Qazlal
Ru
Sif Muna
Trog
Uskayaw
Vehumet
Wu Jian
Xom
Yredelemnul
Zin
The Shining One

Shops:
D:1 *   D:5 (


Innate Abilities, Weirdness & Mutations

You may rarely emit foul miasma when damaged in melee.
You sometimes gain a little power by taking damage.
Your movements are slightly less encumbered by armour. (ER -2)


Message History

You feel sick.
You can no longer pass through a line of other dancers.
You take 1 damage, and have 12/64 hp.
MP restored: 12 You feel sick.
You take 1 damage, and have 11/64 hp.
You feel sick.
The kobold brigand throws a poisoned dart.
The poisoned dart hits you!
You are lethally poisoned!
You take 1 damage, and have 10/64 hp.
* * * LOW HITPOINT WARNING * * *
You feel very sick.
You take 3 damage, and have 7/64 hp.
* * * LOW HITPOINT WARNING * * *
You feel very sick.
You take 2 damage, and have 5/64 hp.
* * * LOW HITPOINT WARNING * * *
You feel sick.
The kobold brigand throws a poisoned dart.
You block the poisoned dart.
You take 2 damage, and have 3/64 hp.
It was a potion of berserk rage.
A red film seems to cover your vision as you go berserk!
You feel yourself moving faster!
You feel mighty!
You hear the steady creaking of a very distant portcullis.
* * * LOW HITPOINT WARNING * * *
You feel sick.
You now have 4/96 hp.
You feel a strong urge to attack something.
* * * LOW HITPOINT WARNING * * *
You feel sick.
You take 1 damage, and have 3/96 hp.
* * * LOW HITPOINT WARNING * * *
You feel sick.
You take 1 damage, and have 2/96 hp.
You feel your anger nearly subside.
You are no longer berserk.
You are exhausted.
You feel yourself slow down.
You die...

#.#.#.#.#.#.#.#. #.
#.#.#.#.#.#.#.#.# #.#
.#.#.#.#.#.#.#.# #.#.
#.#.#.#.#.#.#.#+#+#.#.##
.#.#.#.#.#.#.#..........
#.#.#.#.#.#.#+..........
.#.#.#.#.#.#.#.......≈.#
#.#.#.#.#.#.#.#.#+.....#
.#.#.#.#.#.#.#.#@..≈...#
#.#.#.#.#.#.#.#.#<.≈....
.#.#.#.#.#.#.#.#.#.≈....
#.#.#.#.#.#.#.#.#.#≈..#.
.#.#.#.#.#.#.#.#.#.#.#..
#.#.#.#.#.#.#.#.#.#.#.#.
.#.#.#.#K#.#.#.#.#.#.#..
#.#.#.#.#.#.#.#.#.#.#.#.
.#.#.#.#.#.#.#.#.#.#.


There were no monsters in sight!

Vanquished Creatures
  A deep elf pyromancer (D:7)
  2 ice beasts (D:5)
  A black bear (D:5)
  A sky beast (D:6)
  A centaur (D:5)
  3 phantoms
  A scorpion (D:5)
  6 killer bees (D:7)
  A centaur zombie (D:5)
  A hound (D:4)
  An orc priest (D:4)
  A jelly (D:4)
  A bullfrog skeleton (D:5)
  A centaur skeleton (D:7)
  An iguana (D:6)
  A killer bee zombie (D:5)
  A hound skeleton (D:4)
  7 gnolls
  5 adders
  3 ufetubi
  An adder skeleton (D:5)
  3 worms
  A dart slug (D:3)
  9 orcs
  9 ball pythons
  3 bats
  6 endoplasms
  2 giant cockroaches (D:1)
  5 goblins
  7 hobgoblins
  4 jackals
  3 quokkas
  3 frilled lizards
  4 kobolds
  5 rats
105 creatures vanquished.

Vanquished Creatures (others)
  A fungus (D:1)
  2 plants (D:1)
  4 toadstools (D:1)
7 creatures vanquished.

Grand Total: 112 creatures vanquished

Notes
Turn   | Place    | Note
-------+----------+-------------------------------------------
     0 | D:1      | tatocazan the Demonspawn Fighter began the quest for the
                  | Orb.
     0 | D:1      | Reached XP level 1. HP: 18/18 MP: 1/1
    61 | D:1      | Found a faded altar of an unknown god.
    82 | D:1      | Gained mutation: Your movements are slightly less
                  | encumbered by armour. (ER -2) [demonic ancestry]
    82 | D:1      | Reached XP level 2. HP: 16/24 MP: 2/2
   386 | D:1      | Found Koitriucs's Assorted Antiques.
   989 | D:2      | Gained mutation: You may rarely emit foul miasma when
                  | damaged in melee. [demonic ancestry]
   989 | D:2      | Reached XP level 3. HP: 11/29 MP: 3/3
  1003 | D:2      | Gained mutation: You sometimes gain a little power by
                  | taking damage. [demonic ancestry]
  1003 | D:2      | Reached XP level 4. HP: 13/35 MP: 4/4
  2117 | D:2      | You fall into a shaft and drop 2 floors!
  2124 | D:4      | Reached XP level 5. HP: 37/42 MP: 5/5
  2178 | D:4      | Noticed a phantom
  2192 | D:4      | Killed a phantom
  3234 | D:3      | Reached XP level 6. HP: 48/48 MP: 6/6
  3752 | D:4      | Found a staircase to the Ecumenical Temple.
  3770 | Temple   | Entered the Ecumenical Temple
  4259 | Temple   | Became a worshipper of Uskayaw the Reveller
  4536 | D:4      | Reached * piety under Uskayaw
  4676 | D:5      | Entered Level 5 of the Dungeon
  4695 | D:5      | Noticed an ice beast
  4700 | D:5      | Reached ** piety under Uskayaw
  4703 | D:5      | Killed an ice beast
  4703 | D:5      | Reached *** piety under Uskayaw
  4704 | D:5      | Reached skill level 1 in Invocations
  4704 | D:5      | Reached XP level 7. HP: 31/55 MP: 6/8
  4970 | D:5      | Reached skill level 2 in Invocations
  5183 | D:5      | Found a faded altar of an unknown god.
  5183 | D:5      | Found a faded altar of an unknown god.
  5185 | D:5      | Found a hazy altar of Hepliaklqana.
  5185 | D:5      | Found a faded altar of an unknown god.
  5379 | D:5      | Found a blossoming altar of Fedhas.
  5391 | D:5      | Reached skill level 3 in Invocations
  5505 | D:5      | Reached skill level 5 in Fighting
  5676 | D:5      | Found Nudoesk's Antique Weapon Boutique.
  5744 | D:5      | Reached skill level 4 in Invocations
  5839 | D:5      | Reached XP level 8. HP: 43/62 MP: 11/11
  6200 | D:5      | Found a stormy altar of Qazlal.
  7204 | D:7      | Reached skill level 5 in Axes
  7204 | D:7      | Reached **** piety under Uskayaw
  7205 | D:7      | Reached skill level 5 in Invocations
  7205 | D:7      | HP: 2/93 [killer bee (5)]
  7207 | D:7      | Reached skill level 5 in Shields
  7207 | D:7      | Reached ***** piety under Uskayaw
  7522 | D:7      | Noticed a deep elf pyromancer
  7534 | D:7      | Killed a deep elf pyromancer
  7535 | D:7      | Reached skill level 5 in Armour
  7535 | D:7      | Reached skill level 6 in Invocations
  7547 | D:7      | HP: 3/64 [poisoned by a kobold brigand]
  7551 | D:7      | Succumbed to a kobold brigand's poison

Illustrated notes

Levels and vault maps discovered:
D:1:      ldierk_walled_garden_2, layout_loops_ring,
          dreamdust_ecumenical_altar_grove, serial_shops, nicolae_shop_crystal,
          minmay_misc_feat_square, corner_web_ring,
          hangedman_abyss_or_decor_stabs
D:2:      layout_basic, basic_altar
D:3:      layout_basic, zin_statuary, serial_park_tiny_pond, grunt_ministairs_7
D:4:      layout_basic, elyvilon_altar_3, minmay_temple_entry_offerings,
          minmay_misc_feat_x, hangedman_decor_diamond_cutter,
          grunt_ministairs_14, serial_park_tiny_pond
D:5:      layout_loops_corners, nicolae_hepliaklqana_ecumenical_no_more,
          serial_shops, nicolae_shop_trees, hangedman_feature_mirror
D:6:      layout_cave_pods
D:7:      layout_basic, ashenzari_altar_1, serial_rivers,
          chequers_serial_rivers_small_a, chequers_serial_rivers_micro_c,
          chequers_serial_rivers_small_b, chequers_serial_rivers_micro_c,
          chequers_serial_rivers_large_a, enter_bailey_3
Temple:   minmay_temple_bridge_d

Skill      XL: |  1  2  3  4  5  6  7  8 |
---------------+-------------------------+-----
Axes           | 2 3 4 5 |  5.6
Armour         | 3 4 5 |  5.2
Shields        | 3 4 5 |  5.2
Fighting       | 4 5 |  5.7
Invocations    | 1 4 6 |  6.3

Action                   |  1- 3 |  4- 6 |  7- 9 || total
-------------------------+-------+-------+-------++-------
Melee: War axe           |    74 |   157 |   145 ||   376
  Use: Potion            |     1 |     1 |     8 ||    10
       Scroll            |       |       |     1 ||     1
 Stab: Paralysed         |       |       |     4 ||     4
       Invisible         |       |       |     4 ||     4
Armor: Chain mail        |    41 |    78 |    90 ||   209
       Scale mail        |     1 |       |       ||     1
       Skin              |       |       |    16 ||    16
Dodge: Dodged            |    18 |    66 |    78 ||   162
Block: Buckler           |    19 |    48 |    53 ||   120

Table legend: (Time is in decaauts)
 A = Elapsed time spent in this place.
 B = Non-inter-level travel time spent in this place.
 C = Inter-level travel time spent in this place.
 D = Time resting spent in this place.
 E = Time spent auto-exploring this place.
 F = Levels seen in this place.
 G = Mean time per level.
                   A        B        C        D        E       F      G
               +--------+--------+--------+--------+--------+-----+--------+
         Total |   7663 |   7415 |    248 |   1631 |   4852 |   8 |  957.9 |
       Dungeon |   7105 |   6996 |    109 |   1439 |   4638 |   7 | 1015.0 |
        Temple |    557 |    418 |    139 |    192 |    214 |   1 |  557.0 |
               +--------+--------+--------+--------+--------+-----+--------+

Top non-repeatable levels by time:
     D:5: 1607 daAuts
     D:2: 1247 daAuts
     D:4: 1132 daAuts
     D:1: 977 daAuts
     D:6: 885 daAuts
     D:3: 847 daAuts
  Temple: 557 daAuts
     D:7: 408 daAuts
